 Dungeon Crawl Stone Soup version 0.20.1-1-g8b1a95d (webtiles) character file.

44 homeworkjunkie the Skirmisher (level 3, 0/33 HPs)
             Began as a Hill Orc Fighter on Dec 22, 2017.
             Succumbed to a kobold's poison
             ... on level 3 of the Dungeon.
             The game lasted 00:01:16 (465 turns).

homeworkjunkie the Skirmisher (Hill Orc Fighter)     Turns: 465, Time: 00:01:17

Health: 0/33       AC:  9    Str: 18 (19) XL:     3   Next: 60%
Magic:  3/3        EV:  5    Int:  6 (8)  God:
Gold:   22         SH:  8    Dex:  7 (10) Spells: 2/2 levels left

rFire    . . .     SeeInvis .   a - +0 war axe
rCold    . . .     Gourm    .   c - +0 shield
rNeg     . . .     Faith    .   g - +0 chain mail
rPois    .         Spirit   .   (no helmet)
rElec    +         Reflect  .   (no cloak)
rCorr    .         Harm     .   (no gloves)
MR       .....                  (no boots)
Stlth    ..........             (no amulet)
Regen    0.2/turn               (no ring)
MPRegen  0.1/turn               (no ring)

@: lethally poisoned (0 -> -12), flying
A: fangs 1, hooves 1, electricity resistance
a: no special abilities


You were on level 3 of the Dungeon.
You were not hungry.

You visited 1 branch of the dungeon, and saw 4 of its levels.

You collected 22 gold pieces.

Inventory:

Hand Weapons
 a - a +0 war axe (weapon)
Armour
 c - a +0 shield (worn)
 g - a +0 chain mail (worn)
Scrolls
 b - 2 scrolls of teleportation {unknown}
 i - a scroll of fear {unknown}
 k - a scroll of blinking {unknown}
 l - a scroll of identify {unknown}
 n - a scroll of remove curse {unknown}
 o - a scroll of random uselessness {unknown}
Potions
 d - a potion of might
 j - a potion of haste
Comestibles
 f - 2 bread rations


   Skills:
 * Level 3.9 Fighting
 * Level 3.6 Axes
 * Level 3.7 Armour
 + Level 0.1 Dodging
 * Level 3.7 Shields


You had 2 spell levels left.
You didn't know any spells.

Dungeon Overview and Level Annotations

Branches:
Dungeon (4/15)
 Temple: D:4-7

Altars:


Innate Abilities, Weirdness & Mutations

You have very sharp teeth.
You have large cloven feet.
You are resistant to electric shocks. (rElec)


Message History

The hobgoblin hits you but does no damage.
You block the hobgoblin's attack.
Your shield and chain mail prevent you from hitting the hobgoblin.
* * * LOW HITPOINT WARNING * * *
You feel sick.
The hobgoblin hits you but does no damage.
It was a potion of degeneration.
There was something very wrong with that liquid.
You feel weakened.
You feel dopey.
You feel clumsy.
* * * LOW HITPOINT WARNING * * *
You feel sick. The hobgoblin barely misses you.
It was a potion of flight.
You feel very buoyant.
You fly up into the air.
* * * LOW HITPOINT WARNING * * *
You feel sick. You block the hobgoblin's attack.
It was a potion of mutation.
You feel extremely strange.
Your teeth lengthen and sharpen.
Your feet thicken and deform.
You feel insulated.
You die...

#....#....#
####....#..?.##
#.......#.....#
#.....).#.....#
#.......#..<..#####
#......>'.†.(.....+ ..
#.....))#.#.#(#####....
#.....#.#...#.().......
#######.#####g@........
#................
#.######.........
#####'######.........
#..........#.........
#..........+.........
#..........#.........
#..........#........
#..........#


You could see a hobgoblin.

Vanquished Creatures
  2 adders (D:3)
  A dart slug (D:1)
  A leopard gecko (D:2)
  4 bats
  A giant cockroach (D:3)
  3 goblins
  3 hobgoblins
  4 frilled lizards
  3 kobolds
  3 rats
25 creatures vanquished.

Notes
Turn   | Place    | Note
-------+----------+-------------------------------------------
     0 | D:1      | homeworkjunkie the Hill Orc Fighter began the quest for the Orb.
     0 | D:1      | Reached XP level 1. HP: 19/19 MP: 1/1
   118 | D:1      | Reached XP level 2. HP: 25/27 MP: 2/2
   320 | D:3      | Reached XP level 3. HP: 30/33 MP: 3/3
   464 | D:3      | HP: 1/33 [poisoned by a kobold]
   465 | D:3      | Gained mutation: You have very sharp teeth. [potion of mutation]
   465 | D:3      | Gained mutation: You have large cloven feet. [potion of mutation]
   465 | D:3      | Gained mutation: You are resistant to electric shocks. (rElec) [potion of mutation]
   465 | D:3      | Succumbed to a kobold's poison

Skill      XL: |  1  2 |
---------------+-------+-----
Axes           | 3 |  3.6
Fighting       | |  3.9
Armour         | |  3.7
Dodging        | |  0.1
Shields        | |  3.7

Action                   || total
-------------------------++-------
Melee: War axe           ||    71
  Use: Potion            ||     4
Armor: Scale mail        ||     6
       Chain mail        ||    35
Dodge: Dodged            ||    31
Block: Shield            ||    52
